Map: Zen LE

Players

Ratl - Winner!

  • Race: Protoss Protoss
  • Spawn Location: 7:00

Eltongoro

  • Race: Terran Terran
  • League: Silver
  • Spawn Location: 1:00

VOD

Have the link to the VOD?

Description

Time

  • Played on: Dec. 21, 2019, 10:02 a.m.
  • Length: 12:50
Show
View Real Time Build Order
Export as new Build Order

Ratl Protoss - Winner!

Build Orders:  

Get SALT Encoding   

  12  0:02  Probe  
  13  0:14  Probe  
  13  0:18  Pylon  
  14  0:26  Probe  
  15  0:37  Gateway  
  15  0:51  Probe (Chrono Boost)  
  15  0:55  Assimilator  
  16  1:01  Probe (Chrono Boost)  
  17  1:05  Gateway  
  17  1:06  Probe (Chrono Boost)  
  18  1:21  Probe  
  19  1:27  Cybernetics Core  
  19  1:33  Probe  
  20  1:44  Gateway  
  20  1:45  Probe  
  21  1:58  Nexus  
  22  2:01  Probe  
  22  2:08  Assimilator  
  22  2:12  Warp Gate  
  22  2:13  Probe  
  23  2:30  Probe  
  23  2:35  Pylon  
  23  2:40  Pylon  
  23  2:53  Probe, Stalker  
  23  2:56  Stalker  
  29  3:05  Probe (Chrono Boost)  
  29  3:06  Robotics Facility  
  29  3:14  Probe (Chrono Boost)  
  29  3:18  Probe (Chrono Boost)  
  31  3:23  Adept  
  31  3:25  Probe (Chrono Boost)  
  35  3:41  Probe x2  
  36  3:48  Pylon  
  36  3:52  Gateway  
  36  3:53  Probe x2  
  38  3:56  Observer  
  39  4:09  Probe  
  41  4:10  Probe  
  39  4:22  Probe x2  
  39  4:29  Stalker  
  39  4:30  Stalker  
  43  4:34  Probe x2  
  45  4:38  Assimilator  
  45  4:43  Assimilator  
  45  4:46  Probe  
  45  4:47  Probe, Pylon  
  45  4:50  Pylon  
  47  4:53  Pylon, Gateway x2  
  47  4:57  Gateway  
  47  4:58  Probe  
  48  5:01  Forge  
  48  5:14  Stalker x3  
  49  5:41  Stalker x3  
  48  5:51  Observer  
  36  6:44  Pylon  
  36  6:48  Shield Battery  
  36  6:49  Probe  
  37  7:02  Probe, Stalker  
  37  7:03  Stalker x5  
  50  7:14  Probe  
  51  7:26  Probe  
  52  7:36  Immortal  
  52  7:40  Probe (Chrono Boost)  
  57  7:45  Probe (Chrono Boost)  
  59  7:54  Forge  
  59  7:55  Probe x2 (Chrono Boost), Forge  
  60  8:00  Probe (Chrono Boost)  
  62  8:09  Immortal  
  62  8:10  Probe (Chrono Boost)  
  62  8:11  Probe (Chrono Boost)  
  63  8:18  Probe (Chrono Boost)  
  63  8:19  Stalker x2  
  72  8:20  Stalker x2  
  76  8:29  Observer  
  76  8:49  Immortal  
  78  9:06  Nexus  
  78  9:09  Assimilator  
  78  9:16  Assimilator  
  78  9:23  Stalker  
  78  9:24  Stalker x5  
  90  9:33  Probe  
  91  9:39  Protoss Ground Armor Level 1 (Chrono Boost)  
  91  9:40  Protoss Ground Weapons Level 1 (Chrono Boost)  
  91  9:45  Probe (Chrono Boost)  
  92  9:55  Probe (Chrono Boost)  
  93  10:00  Probe (Chrono Boost)  
  94  10:09  Pylon  
  94  10:15  Gateway  
  94  10:17  Probe, Gateway  
  95  10:29  Probe, Shield Battery  
  95  10:30  Pylon  
  95  10:34  Pylon  
  96  10:39  Immortal  
  100  10:47  Probe x3  
  103  10:59  Probe x2  
  105  11:09  Stalker x4  
  113  11:11  Stalker  
  113  11:13  Probe  
  116  11:19  Immortal  
  120  11:47  Twilight Council  
  108  12:11  Probe x3  
  111  12:23  Probe x3  
Show
View Real Time Build Order
Export as new Build Order

Eltongoro Terran 

Build Orders: 1/1/1, Banshee Rush 

Get SALT Encoding   

  12  0:12  Supply Depot  
  12  0:14  SCV  
  13  0:24  Refinery  
  13  0:38  Barracks  
  13  0:40  SCV  
  14  0:53  Refinery  
  14  0:54  SCV  
  15  1:06  SCV  
  16  1:31  Factory  
  16  1:33  Barracks Tech Lab  
  16  1:45  Orbital Command  
  16  2:02  Barracks Tech Lab  
  16  2:27  Starport  
  17  2:44  SCV  
  17  2:55  Starport  
  17  2:56  SCV  
  18  3:16  SCV  
  19  3:24  Banshee  
  22  3:31  Supply Depot  
  21  3:40  Banshee  
  24  3:42  Cloaking Field  
  24  3:47  SCV  
  25  3:52  Hyperflight Rotors  
  25  4:23  Banshee  
  28  4:37  Banshee  
  31  5:13  Banshee  
  34  5:34  Banshee  
  37  5:58  SCV  
  38  6:10  SCV  
  39  6:27  Banshee  
  39  6:31  SCV  
  37  6:43  SCV  
  37  6:46  Supply Depot  
  38  6:48  Supply Depot  
  38  6:51  Fusion Core  
  38  6:55  SCV  
  39  7:04  Command Center  
  39  7:08  SCV, Factory Tech Lab  
  40  7:11  Refinery  
  40  7:13  Refinery  
  40  7:20  SCV  
  40  7:21  Banshee  
  44  7:29  Command Center  
  44  7:33  Refinery  
  44  7:34  SCV  
  45  7:37  Refinery  
  45  7:46  SCV  
  46  7:58  SCV  
  47  8:26  Orbital Command  
  47  8:28  SCV  
  47  8:31  Battlecruiser  
  54  8:40  SCV, Supply Depot  
  55  8:43  Supply Depot  
  55  8:45  Supply Depot  
  55  8:49  Engineering Bay  
  55  9:13  SCV x2  
  57  9:21  Battlecruiser  
  63  9:30  Orbital Command  
  63  9:35  Battlecruiser  
  69  9:57  SCV x2  
  69  9:58  SCV  
  72  10:04  Barracks Reactor  
  72  10:09  SCV  
  73  10:19  SCV  
  73  10:20  SCV  
  75  10:21  SCV  
  75  10:25  Banshee  
  79  10:32  Starport  
  79  10:35  Starport  
  79  10:39  Starport, Banshee  
  82  11:08  Viking  
  84  11:15  SCV x3  
  87  11:19  Starport Tech Lab  
  87  11:21  Starport Reactor  
  87  11:22  Viking  
  89  11:34  Armory  
  89  11:38  Viking  
  62  12:01  Siege Tank  
Tags
 
League
Silver
Matchup
PvT
Opening
1/1/1
Spawn Locations
Cross Positions
Strategy
Banshee Rush
Add a new tag
Caveats
  • Supply blocks, unpowered buildings, or Contaminate may cause inaccurate times.
  • Supply counts are checked every 10 seconds.